 Dungeon Crawl Stone Soup version 0.30.1-11-g7821555f0a (webtiles) character file.

Game seed: 1030044856011515938

2503 jagang the Carver (level 9, -1/74 HPs)
             Began as a Barachi Monk on Dec 20, 2023.
             Was a Believer of the Shining One.
             Slain by an orc warrior
             ... wielding a +0 flail
              (12 damage)
             ... on level 7 of the Dungeon.
             The game lasted 00:16:34 (5767 turns).

jagang the Carver (Barachi Monk)                    Turns: 5767, Time: 00:16:35

Health: -1/74      AC: 13    Str: 13    XL:     9   Next: 53%
Magic:  10/11      EV:  8    Int: 16    God:    the Shining One [**....]
Gold:   131        SH:  7    Dex: 19    Spells: 8/8 levels left

rFire   + . .        a - +0 falchion
rCold   . . .        d - orb {light}
rNeg    + . .        F - +0 chain mail {rF+}
rPois   .            s - +0 helmet
rElec   .            (no cloak)
rCorr   .            (no gloves)
SInv    .            f - +0 pair of boots
Will    +....        r - amulet of regeneration Stlth
                     h - +6 ring of intelligence
HPRegen 1.12/turn    D - ring of willpower
MPRegen 0.12/turn

%: no passive effects
@: divinely shielded, glowing, slow
A: amphibious, slowness 1, strong legs 1, +LOS
a: Hop, Renounce Religion, Divine Shield


You were on level 7 of the Dungeon.
You worshipped the Shining One.
The Shining One was pleased with you.
You visited 2 branches of the dungeon, and saw 8 of its levels.
You also visited: Sewer.

You collected 285 gold pieces.
You spent 154 gold pieces at shops.

Inventory:

Hand Weapons
 a - a +0 falchion (weapon)
Missiles
 y - 4 poisoned darts (quivered)
 A - 3 boomerangs
Armour
 d - an orb of light (worn)
 f - a +0 pair of boots (worn)
 s - a +0 helmet (worn)
 F - a +0 chain mail of fire resistance (worn)
Jewellery
 h - a +6 ring of intelligence (left hand)
 o - a ring of magical power
 r - an amulet of regeneration (around neck)
 D - a ring of willpower (right hand)
Wands
 v - a wand of flame (25)
 B - a wand of digging (1)
Scrolls
 g - a scroll of amnesia
 i - 9 scrolls of teleportation
 k - 2 scrolls of brand weapon
 l - 2 scrolls of noise
 m - 2 scrolls of magic mapping
 n - a scroll of fear
 p - a scroll of immolation
 u - a scroll of poison
 w - 2 scrolls of silence
 x - 2 scrolls of summoning
 z - a scroll of fog
 I - a scroll of enchant weapon {unknown}
 J - a scroll of enchant armour {unknown}
Potions
 b - 4 potions of degeneration
 c - a potion of ambrosia
 e - 3 potions of heal wounds {unknown}
 j - 3 potions of curing
 q - 4 potions of brilliance
 t - 2 potions of cancellation {unknown}
 C - a potion of lignification {unknown}
 E - a potion of haste {unknown}
 G - a potion of magic {unknown}
 H - 4 potions of flight
 K - a potion of might


   Skills:
 + Level 8.1 Fighting
 * Level 10.8 Long Blades
 + Level 6.9 Armour
 - Level 3.2 Dodging
 + Level 3.1 Invocations


You had 8 spell levels left.
You didn't know any spells.
Your spell library contained the following spells:

 Spells                   Type           Power      Damage    Failure   Level
 Conjure Ball Lightning   Conj/Air       0%         3x3d6     100%        6
 Discord                  Hex            0%         N/A       100%        8
 Disjunction              Tloc           0%         N/A       100%        8


Dungeon Overview and Level Annotations

Branches:
Dungeon (7/15)             Temple (1/1) D:4           Sewer (visited)

Altars:
Cheibriados
Elyvilon
Gozag
Hepliaklqana
Kikubaaqudgha
Nemelex Xobeh
Okawaru
Ru
Sif Muna
Uskayaw
Vehumet
Xom
Yredelemnul
Zin
The Shining One

Shops:
D:6 !

Annotations:
D:6 1 runed translucent door, Linnx's ghost, novice BaFi


Innate Abilities, Weirdness & Mutations

You are amphibious.
You cover ground slowly.
You can hop short distances.
You have an extended range of vision and can be seen from far away.


Message History

You block the orc's attack.
The orc warrior shoots a bolt.
The bolt hits you!
* * * LOW HITPOINT WARNING * * *
The orc warrior unwields a +0 arbalest.
The orc warrior wields a +0 flail.
The orc warrior hits you with a +0 flail!
* * * LOW HITPOINT WARNING * * *
You hit the orc warrior but do no damage.
The orc hits you but does no damage. You block the orc warrior's attack.
You barely miss the orc warrior. You block the orc's attack.
The orc warrior hits you with a +0 flail.
* * * LOW HITPOINT WARNING * * *
You hit the orc warrior but do no damage.
The orc barely misses you.
You hit the orc but do no damage.
The orc is moderately wounded.
The orc warrior hits you but does no damage.
The orc barely misses you.
You hit the orc warrior but do no damage.
You block the orc warrior's attack.
You slash the orc warrior!
The orc warrior is moderately wounded.
The orc hits you but does no damage.
The orc warrior hits you with a +0 flail.
* * * LOW HITPOINT WARNING * * *
You hit the orc warrior but do no damage.
The orc warrior is moderately wounded.
The orc hits you with a +0 short sword.
* * * LOW HITPOINT WARNING * * *
You block the orc warrior's attack.
You slash the orc warrior!
The orc warrior is heavily wounded.
The orc hits you but does no damage.
You hit the orc warrior but do no damage.
The orc warrior is heavily wounded.
The orc warrior hits you with a +0 flail.
* * * LOW HITPOINT WARNING * * *
The orc hits you but does no damage.
You hit the orc warrior but do no damage.
The orc warrior is heavily wounded.
The orc warrior hits you with a +0 flail!
You die...

. .........#
..#.....$#.
.........#.
..#.......
..........
.........#.#
.......))#.#
....o..#o#.#
.......#@#.#
.......#o#.#
.......)o..#
.......)...#
...........#
.........).##
.##...$...))#
#.........##
#.$.......)####


You could see an orc warrior and 2 orcs.

Vanquished Creatures
  Grinder (D:6)
  Sigmund (D:3)
  A wyvern (D:6)
  Edmund (D:6)
  Duvessa (D:4)
  An ice beast (D:6)
  2 black bears
  An ogre (D:5)
  A centaur (D:6)
  4 phantoms
  A bullfrog (D:7)
  4 scorpions
  Dowan (D:4)
  A howler monkey (D:6)
  2 hounds (D:6)
  4 orc priests
  4 iguanas
  3 orc wizards
  8 adders
  3 gnolls (D:4)
  5 river rats
  5 worms
  5 dart slugs
  27 orcs
  7 endoplasms
  6 giant cockroaches
  7 goblins
  5 hobgoblins
  A jackal (Sewer)
  7 kobolds
  6 quokkas
  18 ball pythons
  12 bats
  4 frilled lizards
  4 rats
164 creatures vanquished.

Vanquished Creatures (others)
  An orc priest (D:7)
  An orc (D:7)
2 creatures vanquished.

Grand Total: 166 creatures vanquished

Notes
Turn   | Place    | Note
-------+----------+-------------------------------------------
     0 | D:1      | jagang the Barachi Monk began the quest for the Orb.
     0 | D:1      | Reached XP level 1. HP: 18/18 MP: 1/1
   315 | D:1      | Reached skill level 4 in Long Blades
   315 | D:1      | Reached XP level 2. HP: 22/25 MP: 2/2
   613 | D:1      | Reached skill level 1 in Armour
  1170 | D:2      | Reached XP level 3. HP: 30/30 MP: 3/3
  1376 | D:2      | Reached XP level 4. HP: 37/37 MP: 4/4
  1472 | D:2      | Found a faded altar of an unknown god.
  1850 | D:3      | Noticed Sigmund
  1857 | D:3      | Killed Sigmund
  1858 | D:3      | Reached skill level 6 in Long Blades
  1858 | D:3      | Reached XP level 5. HP: 25/43 MP: 5/5
  1858 | D:3      | Found a radiant altar of Vehumet.
  2003 | D:3      | Found a glowing silver altar of Zin.
  2201 | D:3      | Reached skill level 5 in Fighting
  2224 | D:3      | Reached XP level 6. HP: 49/51 MP: 6/6
  2503 | D:4      | Noticed Duvessa
  2507 | D:4      | Noticed Dowan
  2626 | D:4      | Found a staircase to the Ecumenical Temple.
  2643 | Temple   | Entered the Ecumenical Temple
  2729 | D:4      | Killed Dowan
  2821 | D:4      | Reached skill level 7 in Long Blades
  2821 | D:4      | Reached XP level 7. HP: 55/56 MP: 7/7
  3181 | D:4      | Killed Duvessa
  3518 | D:5      | Entered Level 5 of the Dungeon
  3531 | D:5      | Reached skill level 8 in Long Blades
  3600 | D:5      | Reached skill level 5 in Armour
  3600 | D:5      | Reached XP level 8. HP: 61/65 MP: 8/8
  3889 | D:5      | Found a glowing golden altar of the Shining One.
  3897 | D:5      | Found a hide-covered altar of Uskayaw.
  3929 | D:5      | Became a worshipper of the Shining One
  3929 | D:5      | Reached * piety under the Shining One
  3929 | D:5      | Reached ** piety under the Shining One
  4061 | D:6      | Reached skill level 9 in Long Blades
  4180 | D:6      | Reached skill level 1 in Invocations
  4314 | D:6      | Found an opulent altar of Gozag.
  4328 | D:6      | Found a runed translucent door.
  4328 | D:6      | Noticed Linnx's ghost (novice BaFi)
  4396 | D:6      | Noticed a wyvern
  4404 | D:6      | Killed a wyvern
  4405 | D:6      | Reached skill level 10 in Long Blades
  4405 | D:6      | Reached XP level 9. HP: 57/72 MP: 10/10
  4468 | D:6      | Found a glowing drain.
  4479 | Sewer    | Entered a sewer
  5210 | D:6      | Noticed Edmund
  5230 | D:6      | Killed Edmund
  5388 | D:6      | Noticed Grinder
  5414 | D:6      | Killed Grinder
  5459 | D:6      | Found Punlurusch's Distillery.
  5467 | D:6      | Bought a potion of might for 56 gold pieces
  5467 | D:6      | Bought a potion of brilliance for 56 gold pieces
  5467 | D:6      | Bought a potion of curing for 42 gold pieces
  5767 | D:7      | Slain by an orc warrior

Illustrated notes

Levels and vault maps discovered:
D:1:      eino_arrival_cavern_e, layout_loops_corners
D:2:      layout_loops_ring, ebering_ecumenical_altar_sacrificial,
          hangedman_glass_teeth, bh_walls_and_bars
D:3:      layout_rooms, mainiacjoe_overflow_paths, vehumet_altar_wand_db,
          uniq_sigmund
D:4:      layout_basic, minmay_temple_entry_junction, uniq_duvessa
D:5:      layout_basic, mainiacjoe_overflow_large_starburst,
          dreamdust_princess_bridge
D:6:      layout_loops_corners, general_overflow_altar, serial_shops,
          nicolae_shop_just_a_little_nook, gup_sewer_entry_bubbles,
          hellmonk_ghost_happy_afterlife, nicolae_lava_and_water,
          chequers_avenue, uniq_edmund, uniq_grinder
D:7:      layout_rooms, grunt_temple_overflow_cloverleaf, tgw_trog
Temple:   cyrus_temple_forest

Skill      XL: |  1  2  3  4  5  6  7  8  9 |
---------------+----------------------------+-----
Long Blades    | 4 6 7 8 10 | 10.8
Armour         | 1 3 4 5 6 |  6.9
Fighting       | 4 5 6 7 8 |  8.1
Invocations    | 2 3 |  3.1
Dodging        | |  3.2

Action                     |  1- 3 |  4- 6 |  7- 9 || total
---------------------------+-------+-------+-------++-------
  Melee: Falchion          |    96 |   132 |   432 ||   660
  Throw: Dart              |       |       |    14 ||    14
         Boomerang         |       |       |     1 ||     1
 Invoke: Divine Shield     |       |       |     1 ||     1
Ability: Hop               |       |     1 |     2 ||     3
    Use: Scroll            |       |       |    10 ||    10
 Armour: Ring mail         |     6 |       |       ||     6
         Robe              |     1 |       |       ||     1
         Chain mail        |    43 |    70 |   208 ||   321
  Dodge: Dodged            |    31 |    56 |   160 ||   247
  Block: Orb               |       |       |    12 ||    12
